 Dungeon Crawl Stone Soup version 0.23-a0-619-g281719c6f9 (webtiles) character file.

67 HereIgoKillingAgain the Sneak (level 3, 0/16 HPs)
             Began as a Spriggan Enchanter on Dec 23, 2018.
             Killed from afar by an orc wizard (8 damage)
             ... with a magic dart
             ... on level 2 of the Dungeon.
             The game lasted 00:03:46 (1671 turns).

HereIgoKillingAgain the Sneak (Spriggan Enchanter)  Turns: 1671, Time: 00:03:46

Health: 0/16       AC:  2    Str:  4    XL:     3   Next: 98%
Magic:  13/17      EV: 18    Int: 17    God:
Gold:   76         SH:  4    Dex: 16    Spells: 4/7 levels left

rFire    + . .     SeeInvis +   a - +2 dagger
rCold    . . .     Gourm    .   (shield restricted)
rNeg     . . .     Faith    .   b - +0 robe
rPois    .         Spirit   .   (helmet restricted)
rElec    .         Reflect  .   (no cloak)
rCorr    .         Harm     .   (gloves unavailable)
MR       .....                  (boots unavailable)
Stlth    ++++......             (no amulet)
HPRegen  0.05/turn              e - ring of magical power
MPRegen  0.15/turn              (no ring)

@: very quick
A: very small, unfitting armour, antennae 1, large bone plates 1, camouflage 1,
see invisible, fire resistance 1, herbivore, speed 3, slow metabolism 2
a: no special abilities


You were on level 2 of the Dungeon.
You were not hungry.

You visited 1 branch of the dungeon, and saw 2 of its levels.

You collected 76 gold pieces.

Inventory:

Hand Weapons
 a - a +2 dagger (weapon)
Armour
 b - a +0 robe (worn)
Jewellery
 e - a ring of magical power (left hand)
Wands
 f - a wand of iceblast (8)
Scrolls
 c - a scroll of enchant armour {unknown}
 h - a scroll of remove curse {unknown}
 j - a scroll of amnesia
Potions
 g - 2 potions of agility {unknown}
Comestibles
 d - 3 rations


   Skills:
 - Level 1.1 Short Blades
 - Level 3.0 Dodging
 + Level 5.5 Stealth
 - Level 2.6 Spellcasting
 * Level 5.1 Hexes
 + Level 0.2 Ice Magic
 * Level 1.0 Evocations


You had 4 spell levels left.
You knew the following spells:

 Your Spells              Type           Power        Failure   Level  Hunger
a - Corona                Hex            ###....      2%          1    #......
b - Ensorcelled Hibernat  Hex/Ice        ##....       9%          2    ##.....

Your spell library contained the following spells:

 Spells                   Type           Power        Failure   Level  Hunger
 Confuse                  Hex            ###.....     7%          3    ###....
 Tukima's Dance           Hex            ###.....     7%          3    ###....
 Dazzling Spray           Conj/Hex       ##....       19%         3    ###....


Dungeon Overview and Level Annotations

Branches:
Dungeon (2/15)

Altars:
Vehumet


Innate Abilities, Weirdness & Mutations

You are very small and have problems with some larger weapons.
You are too small for most types of armour.
You have supernaturally acute eyesight. (SInv)
You are a herbivore.
You cover ground extremely quickly.
You need to consume almost no food.
You have a pair of small antennae on your head.
You are partially covered in large bone plates. (SH +4)
Your skin changes colour to match your surroundings (Stealth+).
Your flesh is heat resistant. (rF+)


Message History

Aiming: Ensorcelled Hibernation (safe; 9% risk of failure)
Press: ? - help, Shift-Dir - straight line, f - orc wizard
Aim: an orc wizard, wielding a +0 dagger and wearing a +0 robe (chance to The orc wizard resists with some effort.
The orc throws a tomahawk.
The tomahawk hits you.
The orc wizard gestures wildly while chanting.
The orc wizard seems to speed up.
The orc throws a tomahawk.
The tomahawk misses you.
Casting: Ensorcelled Hibernation (safe; 9% risk of failure)
Confirm with . or Enter, or press ? or * to list all spells.
Aiming: Ensorcelled Hibernation (safe; 9% risk of failure)
Press: ? - help, Shift-Dir - straight line, f/p - orc wizard
Aim: an orc wizard, wielding a +0 dagger and wearing a +0 robe (fast, chance to The orc wizard looks drowsy...
The orc throws a tomahawk.
The tomahawk closely misses you.
The orc wizard shouts!
The orc wizard casts a spell at you. The magic dart hits you!
Ouch! That really hurt!
You die...

### ###.# #...# #.#.#
#######.#.#######
#.......#.....(.#
#.#############.# .
#.#......# #@####....
#.#.##.### #oo.......
##.#.#...#######.o.......
...#.##.......##.......##
.##....#...##.##...o...#
..##........#.##.......#
##.##....#..#.########.#
###.##...#..#.# .#
####.#.#.#..#.# #


You could see 2 orc wizards and 2 orcs.

Vanquished Creatures
  2 adders (D:2)
  An ooze (D:1)
  A worm (D:2)
  A dart slug (D:1)
  2 leopard geckos
  4 goblins
  3 hobgoblins
  8 kobolds
  A quokka (D:2)
  2 ball pythons
  4 bats
  3 frilled lizards
  6 rats
38 creatures vanquished.

Notes
Turn   | Place    | Note
-------+----------+-------------------------------------------
     0 | D:1      | HereIgoKillingAgain the Spriggan Enchanter began the quest
                  | for the Orb.
     0 | D:1      | Reached XP level 1. HP: 9/9 MP: 5/5
    88 | D:1      | Gained mutation: Your skin changes colour to match your
                  | surroundings (Stealth+). [potion of mutation]
    88 | D:1      | Gained mutation: You are partially covered in large bone
                  | plates. (SH +4) [potion of mutation]
    88 | D:1      | Gained mutation: You have a pair of small antennae on your
                  | head. [potion of mutation]
    88 | D:1      | Gained mutation: Your flesh is heat resistant. (rF+)
                  | [potion of mutation]
   627 | D:1      | Reached XP level 2. HP: 8/13 MP: 6/6
   825 | D:1      | Reached skill level 5 in Stealth
  1157 | D:2      | Learned a level 2 spell: Ensorcelled Hibernation
  1158 | D:2      | Reached XP level 3. HP: 16/16 MP: 8/8
  1331 | D:2      | Found a radiant altar of Vehumet.
  1371 | D:2      | Reached skill level 5 in Hexes
  1588 | D:2      | Reached skill level 1 in Evocations
  1671 | D:2      | Killed from afar by an orc wizard

Vault maps used:
D:1:      scummos_arrival_simple_crosswalls
D:2:      old_standard_altar, first_ration, amethyst_killhole

Skill      XL: |  1  2  3 |
---------------+----------+-----
Hexes          | 4 5 |  5.1
Stealth        | 5 |  5.5
Evocations     | 1 |  1.0
Short Blades   | |  1.1
Dodging        | |  3.0
Spellcasting   | |  2.6
Ice Magic      | |  0.2

Action                   || total
-------------------------++-------
Melee: Dagger            ||   118
 Cast: Ensorcelled Hiber ||     6
  Use: Potion            ||     1
       Scroll            ||     5
 Stab: Sleeping          ||    18
Armor: Robe              ||     6
Dodge: Dodged            ||    74
Block: Other             ||    14

Table legend:
 A = Non-vault XP
 B = Vault XP
 C = Vault XP percentage of total XP
 D = Non-vault monster count
 E = Vault monster count
 F = Vault count percentage of total count
                 A         B        C        D         E       F
            +---------+---------+-------+---------+---------+-------
      Total |      96 |       0 |   0.0 |      38 |       0 |   0.0
            +---------+---------+-------+---------+---------+-------
        D:1 |      36 |       0 |   0.0 |      18 |       0 |   0.0
        D:2 |      60 |       0 |   0.0 |      20 |       0 |   0.0
            +---------+---------+-------+---------+---------+-------
